 Dungeon Crawl Stone Soup version 0.29-a0-330-g52719c12eb (webtiles) character file.

Game seed: 14884602151429864230

280 night the Shooter (level 6, 0/46 HPs)
             Began as a Barachi Hunter on Apr 30, 2022.
             Was an Initiate of Cheibriados.
             Slain by a gnoll
             ... wielding a +0 club
              (2 damage)
             ... on level 4 of the Dungeon on May 1, 2022.
             The game lasted 00:08:47 (3468 turns).

night the Shooter (Barachi Hunter)                  Turns: 3468, Time: 00:08:48

Health: 0/46       AC:  4    Str: 13    XL:     6   Next: 27%
Magic:  6/6        EV: 12    Int: 11    God:    Cheibriados [......]
Gold:   155        SH:  0    Dex: 18    Spells: 5/5 levels left

rFire   + . .      SeeInvis .   v - +2 dagger (elec)
rCold   . . .      Faith    .   (no shield)
rNeg    . . .      Spirit   .   t - +2 robe {rF+}
rPois   .          Reflect  .   (no helmet)
rElec   .          Harm     .   (no cloak)
rCorr   .          Rampage  .   (no gloves)
Will    .....                   (no boots)
Stlth   ++........              (no amulet)
HPRegen 0.15/turn               (no ring)
MPRegen 0.10/turn               (no ring)

@: mighty, about to teleport, very slow
A: amphibious, slowness 1, strong legs 1, +LOS
a: Hop, Renounce Religion


You were on level 4 of the Dungeon.
You worshipped Cheibriados.
Cheibriados was noncommittal.
You visited 1 branch of the dungeon, and saw 4 of its levels.

You collected 155 gold pieces.

Inventory:

Hand Weapons
 a - a +1 shortbow
 b - a +2 dagger of venom
 i - a +0 dagger of flaming
 j - a +2 whip of venom
 p - a +0 long sword
 v - a +2 dagger of electrocution (weapon)
Missiles
 h - 160 stones
 q - 6 poisoned darts
 r - 3 javelins
 s - 3 silver boomerangs
Armour
 k - a +0 leather armour
 t - a +2 robe of fire resistance (worn)
Scrolls
 c - 2 scrolls of immolation
 g - 2 scrolls of teleportation
 m - 2 scrolls of amnesia
 o - a scroll of brand weapon {unknown}
 u - a scroll of fog {unknown}
Potions
 d - 2 potions of flight {unknown}
 f - a potion of attraction {unknown}


   Skills:
 - Level 2.4 Fighting
 + Level 0.6 Long Blades
 + Level 7.3 Bows
 - Level 2.1 Dodging
 - Level 0.8 Stealth


You had 5 spell levels left.
You didn't know any spells.
Your spell library contained the following spells:

 Spells                   Type           Power      Damage    Failure   Level
 Dazzling Flash           Conj/Hex       0%         N/A       71%         3
 Iskenderun's Mystic Bla  Conj/Tloc      0%         2d3       98%         4
 Starburst                Conj/Fire      0%         6d3       100%        6


Dungeon Overview and Level Annotations

Branches:
Dungeon (4/15)
 Temple: D:4-7

Altars:
Cheibriados

Shops:
D:3 (

Annotations:
D:2 exclusion: door


Innate Abilities, Weirdness & Mutations

You are amphibious.
You cover ground slowly.
You can hop short distances.
You have an extended range of vision and can be seen from far away.


Message History

Press: ? - help, Q - select action, (/) - cycle Shift-Dir - straight line, f/p - gnoll
Aim: a gnoll, wielding a +2 whip of venom (lightly wounded, 69% to hit)
You shoot an arrow. The arrow barely misses the gnoll.
The arrow closely misses the gnoll.
The arrow hits the gnoll!
The gnoll is severely wounded.
You feel sick. The gnoll closely misses you.
Shoot: a) +1 shortbow
Press: ? - help, Q - select action, (/) - cycle Shift-Dir - straight line, f/p - gnoll
Aim: a gnoll, wielding a +2 whip of venom (lightly wounded, 69% to hit)
You shoot an arrow. The arrow hits the gnoll.
The gnoll is moderately wounded.
You feel sick. The gnoll barely misses you. The gnoll misses you.
It was a potion of curing.
You feel better.
You hear the rusting of a drain nearby.
The gnoll barely misses you.
You hear the crackle of electricity.
v - a +2 dagger of electrocution (weapon)
The gnoll closely misses you.
The gnoll hits you with a +2 whip of venom.
It was a potion of heal wounds.
You feel much better.
The gnoll hits you with a +2 whip of venom!
The gnoll barely misses you. The gnoll hits you with a +0 flail!
You feel very mighty all of a sudden.
The gnoll hits you with a +2 whip of venom.
The gnoll hits you but does no damage. The gnoll hits you with a +0 flail.
You puncture the gnoll! Lightning courses through the gnoll!
You kill the gnoll!
Cheibriados appreciates the change of pace.
The gnoll hits you with a +0 flail!
* * * LOW HITPOINT WARNING * * *
The gnoll hits you but does no damage.
You feel better. The gnoll barely misses you.
The gnoll hits you with a +0 flail!
* * * LOW HITPOINT WARNING * * *
As you read the scroll of teleportation, it crumbles to dust.
You feel strangely unstable.
You are ready to hop once more.
The gnoll hits you with a +0 club.
You die...

#.#....)# #.#.#†#.#
#.#.#.#.# #.#.#.#g#
#.#.#.#.#
####.#.#.#.#
##.##.#.#.#.#
.#######.#†....gg#..
.....<..###....)@###
.#######.#......##
#.##.#.## ......#...
############


You could see 2 gnolls.

Vanquished Creatures
  An iguana (D:4)
  2 orc wizards
  Robin (D:2)
  2 gnolls (D:4)
  6 adders
  A dart slug (D:3)
  12 orcs
  6 ball pythons
  6 endoplasms
  2 giant cockroaches
  14 goblins
  9 hobgoblins
  9 jackals
  5 quokkas
  4 bats
  A frilled lizard (D:1)
  13 kobolds
  10 rats
104 creatures vanquished.

Vanquished Creatures (others)
  7 fungi (D:2)
  8 toadstools (D:2)
15 creatures vanquished.

Grand Total: 119 creatures vanquished

Notes
Turn   | Place    | Note
-------+----------+-------------------------------------------
     0 | D:1      | night the Barachi Hunter began the quest for the Orb.
     0 | D:1      | Reached XP level 1. HP: 17/17 MP: 1/1
    76 | D:1      | Reached XP level 2. HP: 23/23 MP: 2/2
   366 | D:1      | Reached XP level 3. HP: 28/28 MP: 3/3
   429 | D:1      | Reached skill level 5 in Bows
  1205 | D:2      | Reached XP level 4. HP: 12/34 MP: 4/4
  1595 | D:2      | Reached skill level 6 in Bows
  1612 | D:2      | Noticed Robin
  1619 | D:2      | Killed Robin
  1635 | D:2      | Reached XP level 5. HP: 12/39 MP: 5/5
  2280 | D:3      | Found Uzyfrem's Weapon Boutique.
  2811 | D:3      | Reached skill level 7 in Bows
  3066 | D:3      | Found a snail-covered altar of Cheibriados.
  3071 | D:3      | Reached XP level 6. HP: 46/46 MP: 6/6
  3087 | D:3      | Became a worshipper of Cheibriados the Contemplative
  3466 | D:4      | HP: 4/46 [gnoll/+0 flail (12)]
  3468 | D:4      | Slain by a gnoll

Illustrated notes

Levels and vault maps discovered:
D:1:      nicolae_arrival_memento_mori, layout_loops_ring, st_stairs_8,
          serial_park_tiny_pond
D:2:      cheibrodos_fertilizer, layout_basic, interstate_on_off,
          serial_park_tiny_2, palyth_stone_intersect, uniq_robin
D:3:      layout_basic, cheibriados_altar_2, serial_shops, shop,
          nicolae_concentric_dashed_squares_wild
D:4:      layout_loops_ring, nicolae_yredelemnul_corpse_copse,
          portal_sewer_entry_d

Skill      XL: |  1  2  3  4  5 |
---------------+----------------+-----
Bows           | 5 6 7 |  7.3
Fighting       | |  2.4
Long Blades    | |  0.6
Dodging        | |  2.1
Stealth        | |  0.8

Action                   |  1- 3 |  4- 6 || total
-------------------------+-------+-------++-------
Melee: Whip              |     2 |       ||     2
       Dagger            |       |    19 ||    19
       Punch             |       |     1 ||     1
 Fire: Shortbow          |    83 |   175 ||   258
 Abil: Hop               |       |     2 ||     2
  Use: Scroll            |     4 |     1 ||     5
       Potion            |       |     4 ||     4
Armor: Leather armour    |     7 |    13 ||    20
       Robe              |       |     8 ||     8
Dodge: Dodged            |    16 |    73 ||    89

Table legend: (Time is in decaauts)
 A = Elapsed time spent in this place.
 B = Non-inter-level travel time spent in this place.
 C = Inter-level travel time spent in this place.
 D = Time resting spent in this place.
 E = Time spent auto-exploring this place.
 F = Levels seen in this place.
 G = Mean time per level.
                   A        B        C        D        E       F      G
               +--------+--------+--------+--------+--------+-----+--------+
         Total |   4022 |   3896 |    126 |    615 |   2582 |   4 | 1005.5 |
       Dungeon |   4022 |   3896 |    126 |    615 |   2582 |   4 | 1005.5 |
               +--------+--------+--------+--------+--------+-----+--------+

Top non-repeatable levels by time:
     D:2: 1761 daAuts
     D:3: 1249 daAuts
     D:1: 854 daAuts
     D:4: 157 daAuts
